 Dungeon Crawl Stone Soup version 0.31.0-11-ge490571c62 (webtiles) character file.

Game seed: 5374552545277394805

418 SmokeWeed the Sneak (level 6, -7/47 HPs)
             Began as a Human Brigand on Feb 2, 2024.
             Mangled by an ogre
             ... wielding a +0 giant club
              (15 damage)
             ... on level 4 of the Dungeon.
             The game lasted 00:10:19 (3174 turns).

SmokeWeed the Sneak (Human Brigand)                 Turns: 3174, Time: 00:10:20

Health: -7/47      AC:  9    Str: 17    XL:     6   Next: 93%
Magic:  8/8        EV: 11    Int: 11    God:
Gold:   161        SH:  0    Dex: 18    Spells: 5/7 levels left

rFire   . . .        h - +2 lajatang (vamp)
rCold   . . .        (shield currently unavailable)
rNeg    . . .        j - +0 ring mail
rPois   .            (no helmet)
rElec   .            c - +1 cloak
rCorr   .            (no gloves)
SInv    .            e - +1 pair of boots of Lewerchedu {Str+5 Dex+2}
Will    .....        v - amulet of regeneration
Stlth   ++           (no ring)
HPRegen 1.07/turn    (no ring)
MPRegen 0.11/turn

%: no passive effects
@: no status effects
A: explore regen
a: no special abilities


You were on level 4 of the Dungeon.
You visited 1 branch of the dungeon, and saw 4 of its levels.
You also visited: Sewer.

You collected 161 gold pieces.

Inventory:

Hand Weapons
 a - a +2 dagger
 h - a +2 vampiric lajatang (weapon)
 l - a +2 spear of flaming
Missiles
 d - 9 poisoned darts
 i - 39 stones
Armour
 b - a +0 robe
 c - a +1 cloak (worn)
 e - the +1 pair of boots of Lewerchedu (worn) {Str+5 Dex+2}
   (You found it on level 3 of the Dungeon)

   Str+5:     It affects your strength (+5).
   Dex+2:     It affects your dexterity (+2).
 g - a +0 leather armour
 j - a +0 ring mail (worn)
Magical Staves
 n - a staff of earth
 t - a staff of air
Jewellery
 k - an amulet of reflection
 m - a ring of positive energy
 o - a ring of see invisible
 v - an amulet of regeneration (around neck)
Wands
 q - a wand of acid (1) (quivered)
 u - a wand of roots (6)
Scrolls
 r - a scroll of blinking
 w - 2 scrolls of identify
 x - 2 scrolls of revelation
Potions
 f - a potion of invisibility
 p - a potion of cancellation {unknown}
 s - 2 potions of heal wounds
 z - a potion of might {unknown}


   Skills:
 * Level 3.2 Fighting
 - Level 2.0 Short Blades
 + Level 2.9 Polearms
 + Level 2.3 Throwing
 + Level 1.6 Armour
 + Level 2.1 Dodging
 + Level 5.1 Stealth
 + Level 0.7 Shields
 * Level 1.4 Spellcasting
 * Level 2.0 Translocations


You had 5 spell levels left.
You knew the following spells:

 Your Spells              Type           Power      Damage    Failure   Level
a - Blink                 Tloc           10%        N/A       34%         2

Your spell library contained the following spells:

 Spells                   Type           Power      Damage    Failure   Level
 Magic Dart               Conj           0%         1d3       50%         1
 Summon Small Mammal      Summ           0%         N/A       50%         1
 Call Imp                 Summ           0%         N/A       63%         2
 Call Canine Familiar     Summ           0%         N/A       86%         3
 Summon Ice Beast         Ice/Summ       0%         N/A       86%         3
 Summon Blazeheart Golem  Fire/Summ      0%         N/A       99%         4
 Summon Mana Viper        Hex/Summ       0%         N/A       100%        5
 Monstrous Menagerie      Summ           0%         N/A       100%        7


Dungeon Overview and Level Annotations

Branches:
Dungeon (4/15)              Sewer (visited)
 Temple: D:4-7

Altars:
Qazlal
The Shining One

Shops:
D:1 ?*   D:2 [


Innate Abilities, Weirdness & Mutations

You regain HP and MP as you explore.


Message History

There is an open door here.
z - a pink potion
w - 2 scrolls of identify (gained 1)
You open the door.
There is an open door here.
You open the door.
There is an open door here.
You open the door.
There is an open door here.
x - 2 scrolls of revelation (gained 1)
There is an open door here.
An ogre comes into view. It is wielding a +0 giant club.
Found a scroll labelled WIUNTOOGRYA.
Found a wand of roots (8).
The ogre shouts!
The ogre hits you with a +0 giant club.
You slash the ogre!
You feel better.
The ogre is moderately wounded.
The ogre hits you with a +0 giant club!!
Ouch! That really hurt!
You are too injured to fight recklessly!
Aiming: Corrosive Bolt
Press: ? - help, Q - select action, (/) - cycle Shift-Dir - straight line, f - ogre
Aim: an ogre, wielding a +0 giant club (moderately wounded, 86% to hit)
The bolt of acid hits the ogre!
The acid corrodes the ogre!
The ogre is severely wounded.
You slash the ogre!
The ogre is almost dead.
The ogre closely misses you.
You barely miss the ogre.
The ogre is almost dead.
The ogre hits you with a +0 giant club!
* * * LOW HITPOINT WARNING * * *
You completely miss the ogre.
The ogre is almost dead.
The ogre barely misses you.
You hit the ogre.
The ogre is almost dead.
The ogre hits you with a +0 giant club!
You die...

.######## ....#...#
....#...# ....'...+
##'####### ########
#........#####......#
#........#...#......#
#........#...#.....?#
#........##'##..@O..#
..#######.........$.......
..# #......~.......... ..#
#......~.......... ..#
#......~.~....../. ###
######...~..######
#..~~..# #...~..# ##.~###


You could see an ogre (corroded).

Vanquished Creatures
  A scorpion (D:4)
  2 bullfrogs (Sewer)
  A hound skeleton (D:3)
  2 gnolls (D:2)
  6 adders
  An adder zombie (D:3)
  An adder skeleton (D:3)
  2 ribbon worms
  11 dart slugs
  An orc (D:3)
  15 ball pythons
  13 endoplasms
  8 giant cockroaches
  3 hobgoblins
  7 jackals
  3 quokkas
  A ball python skeleton (D:3)
  8 bats
  17 frilled lizards
  5 goblins
  7 kobolds
  A quokka skeleton (D:3)
  3 rats
119 creatures vanquished.

Notes
Turn   | Place    | Note
-------+----------+-------------------------------------------
     0 | D:1      | SmokeWeed the Human Brigand began the quest for the Orb.
     0 | D:1      | Reached XP level 1. HP: 16/16 MP: 1/1
   237 | D:1      | Reached XP level 2. HP: 21/22 MP: 2/2
   283 | D:1      | Found Uzoegh's Assorted Antiques.
   465 | D:1      | Found Onibrex's Magic Scroll Emporium.
   911 | D:2      | Reached XP level 3. HP: 27/27 MP: 3/3
  1001 | D:2      | Found a stormy altar of Qazlal.
  1102 | D:2      | Found Ylaor's Antique Armour Shop.
  1481 | D:2      | Reached skill level 1 in Polearms
  1481 | D:2      | Reached XP level 4. HP: 4/34 MP: 4/4
  1694 | D:3      | Identified the +1 pair of boots of Lewerchedu {Str+5 Dex+2}
  1832 | D:3      | Learned a level 2 spell: Blink
  1857 | D:3      | Reached skill level 1 in Armour
  1920 | D:3      | Reached XP level 5. HP: 39/39 MP: 5/5
  1925 | D:3      | Reached skill level 5 in Stealth
  2275 | D:4      | Found a glowing drain.
  2337 | Sewer    | Entered a sewer
  2563 | Sewer    | Reached skill level 1 in Translocations
  2693 | Sewer    | Reached XP level 6. HP: 37/46 MP: 7/7
  2710 | Sewer    | Reached skill level 1 in Spellcasting
  3012 | D:4      | Found a glowing golden altar of the Shining One.
  3174 | D:4      | Mangled by an ogre

Illustrated notes

Levels and vault maps discovered:
D:1:      elethiomel_arrival_quiet, layout_loops_ring, serial_shops, shop, shop
D:2:      layout_basic, serial_shops, shop, basic_altar,
          nicolae_concentric_dashed_squares_mild, corner_web_ring,
          minmay_misc_feat_more_columns
D:3:      layout_loops_ring, serial_undead, serial_undead_d, serial_undead_a,
          serial_undead_b, serial_undead_c
D:4:      minmay_chambers_of_twos, layout_gridville, tso_metal_star,
          cheibrodos_sewer_entry_drain, chequers_serial_rivers_micro_c

Skill      XL: |  1  2  3  4  5  6 |
---------------+-------------------+-----
Polearms       | 1 2 |  2.9
Armour         | 1 |  1.6
Stealth        | 5 |  5.1
Translocations | 1 2 |  2.0
Fighting       | 3 |  3.2
Dodging        | 2 |  2.1
Spellcasting   | 1 |  1.4
Short Blades   | |  2.0
Throwing       | |  2.3
Shields        | |  0.7

Action                     |  1- 3 |  4- 6 || total
---------------------------+-------+-------++-------
  Melee: Dagger            |    68 |       ||    68
         Spear             |    60 |   270 ||   330
         Punch             |       |     2 ||     2
         Lajatang          |       |     9 ||     9
  Throw: Dart              |     2 |     2 ||     4
  Evoke: Wand              |       |     1 ||     1
    Use: Scroll            |     3 |     6 ||     9
         Potion            |       |     1 ||     1
   Stab: Sleeping          |     7 |    16 ||    23
 Armour: Robe              |     7 |       ||     7
         Leather armour    |    34 |       ||    34
         Ring mail         |    34 |   125 ||   159
  Dodge: Dodged            |    92 |   102 ||   194
  Block: Other             |       |    27 ||    27
